 Dungeon Crawl Stone Soup version 0.17.1-1-g73c8601 (webtiles) character file.

45 Laerick the Stinger (level 3, -1/25 HPs)
             Began as a Demonspawn Venom Mage on Dec 29, 2015.
             Slain by a jackal (2 damage)
             ... on level 1 of the Dungeon.
             The game lasted 00:14:34 (1426 turns).

Laerick the Stinger (Demonspawn Venom Mage)         Turns: 1426, Time: 00:14:34

Health: -1/25      AC:  4    Str:  8    XL:     3   Next: 42%
Magic:  1/6        EV: 14    Int: 17    God:
Gold:   22         SH:  0    Dex: 13    Spells: 1 memorised, 5 levels left

rFire  . . .     SeeInvis .     d - +0 short sword
rCold  . . .     Clarity  .     g - +0 leather armour
rNeg   . . .     SustAt   .     (no shield)
rPois  .         Gourm    .     e - +0 helmet
rElec  .         Spirit   .     (no cloak)
rCorr  .         Warding  .     (no gloves)
rMut   .         Stasis   .     (no boots)
MR     .....                    (no amulet)
Stlth  ++........               (no ring)
                                (no ring)

@: not resistant to hostile enchantments, unstealthy
A: repulsion field 2
a: no special abilities


You were on level 1 of the Dungeon.
You were not hungry.

You visited 1 branch of the dungeon, and saw 2 of its levels.

You collected 22 gold pieces.

Inventory:

Hand Weapons
 d - a +0 short sword (weapon)
Armour
 a - a +0 robe
 e - a +0 helmet (worn)
 g - a +0 leather armour (worn)
Scrolls
 i - a scroll of identify
Books
 b - a Young Poisoner's Handbook

   Spells                             Type                      Level
   a - Sting                          Conjuration/Poison           1
   b - Cure Poison                    Poison                       2
   c - Mephitic Cloud                 Conjuration/Poison/Air       3
   d - Olgreb's Toxic Radiance        Poison                       4
   e - Venom Bolt                     Conjuration/Poison           5
Comestibles
 c - a bread ration
 h - a meat ration
 j - a slice of pizza
 k - a beef jerky


   Skills:
 + Level 0.6 Fighting
 + Level 0.3 Short Blades
 + Level 0.1 Armour
 + Level 2.0 Dodging
 + Level 2.1 Stealth
 + Level 2.2 Spellcasting
 + Level 0.4 Conjurations
 + Level 4.5 Poison Magic


You had 5 spell levels left.
You knew the following spells:

 Your Spells              Type           Power        Failure   Level  Hunger
a - Sting                 Conj/Pois      ##..         12%         1    #......


Dungeon Overview and Level Annotations

Branches:
Dungeon (2/15)

Altars:

Annotations:
D:1 1 runed door


Innate Abilities, Weirdness & Mutations

You are surrounded by a moderate repulsion field (EV +3).


Message History

Press: ? - help, Shift-Dir - straight line, f/p - jackal
Aim: a jackal The sting misses the jackal.
The sting hits the adder.
The adder is poisoned.
The adder is almost dead.
The jackal barely misses you. x2
Casting: Sting
Confirm with . or Enter, or press ? or * to list all spells.
Aiming: Sting
Press: ? - help, Shift-Dir - straight line, f/p - jackal
Aim: a jackal The sting hits the jackal.
The jackal appears unharmed.
The jackal closely misses you. The jackal closely misses you.
You kill the adder!
The jackal misses you. The jackal bites you.
* * * LOW HITPOINT WARNING * * *
You see here a club.
The jackal bites you.
You die...

#.......# #.# #.###.#.#
##'## #.# #.#.### ##...##
#.# #S....# ##.....## #.#
###...# ##.......### #.#
##...####.........##
#.####.......'.........'.
#......h..####.........#.
########@># ##.......##.
##.# ##.....#### #.#
##...## # #.# ####'## #
###.# #.....# # ###...##
#.##..### # #......#
#.......# # #.#.##.#
#.....#.### #.#.##.#
#..........


You could see a jackal.

Vanquished Creatures
  An adder (D:1)
  An ooze (D:1)
  2 giant cockroaches (D:1)
  5 hobgoblins (D:1)
  4 kobolds (D:1)
  A quokka (D:1)
  5 bats (D:1)
  A giant newt (D:1)
  5 goblins (D:1)
  5 rats (D:1)
30 creatures vanquished.

Notes
Turn   | Place    | Note
--------------------------------------------------------------
     0 | D:1      | Laerick the Demonspawn Venom Mage began the quest for the Orb.
     0 | D:1      | Reached XP level 1. HP: 13/13 MP: 3/3
     1 | D:1      | Found a runed door.
   767 | D:1      | Gained mutation: You are surrounded by a mild repulsion field (EV +2). [demonic ancestry]
   767 | D:1      | Reached XP level 2. HP: 19/19 MP: 1/5
  1163 | D:1      | Gained mutation: You are surrounded by a moderate repulsion field (EV +3). [demonic ancestry]
  1163 | D:1      | Reached XP level 3. HP: 25/25 MP: 0/6
  1424 | D:1      | HP: 1/25 [jackal (3)]
  1426 | D:1      | Slain by a jackal

Action                   || total
-------------------------++-------
Melee: Short sword       ||    28
 Cast: Sting             ||    53
  Use: Scroll            ||     1
  Eat: Chunk             ||     1
       Bread ration      ||     1
